 Dungeon Crawl Stone Soup version 0.25-a0-310-g60f0ac2d9a (webtiles) character file.

Game seed: 14455729300739287919, levelgen mode: classic

330 Borgoz the Cutter (level 6, -2/39 HPs)
             Began as a Kobold Fighter on Dec 23, 2019.
             Killed by divine providence
             ... invoked by an orc priest
              (15 damage)
             ... on level 3 of the Dungeon.
             The game lasted 00:02:57 (2399 turns).

Borgoz the Cutter (Kobold Fighter)                  Turns: 2399, Time: 00:02:57

Health: -2/39      AC:  6    Str: 15    XL:     6   Next: 81%
Magic:  6/6        EV: 13    Int:  9    God:
Gold:   251        SH:  9    Dex: 15    Spells: 5/5 levels left

rFire    + . .     SeeInvis .   y - +3 short sword
rCold    + . .     Gourm    .   c - +0 shield
rNeg     . . .     Faith    .   b - +0 scale mail
rPois    +         Spirit   .   (no helmet)
rElec    +         Reflect  .   (no cloak)
rCorr    +         Harm     .   (no gloves)
MR       .....                  (no boots)
Stlth    ..........             (no amulet)
HPRegen  0.13/turn              (no ring)
MPRegen  0.10/turn              p - +3 ring of evasion

@: resistant
A: small, carnivore
a: no special abilities


You were on level 3 of the Dungeon.
You were completely stuffed.

You visited 1 branch of the dungeon, and saw 3 of its levels.

You collected 251 gold pieces.

Inventory:

Hand Weapons
 a - a +0 rapier
 u - a +0 rapier
 y - a +3 short sword (weapon)
Armour
 b - a +0 scale mail (worn)
 c - a +0 shield (worn)
Jewellery
 p - a +3 ring of evasion (right hand)
 v - an uncursed amulet of rage {unknown}
 w - an uncursed ring of stealth {unknown}
Scrolls
 e - a scroll of enchant armour {unknown}
 g - 2 scrolls of identify {unknown}
 h - a scroll of random uselessness {unknown}
 i - a scroll of amnesia {unknown}
 k - 3 scrolls of teleportation {unknown}
 l - 3 scrolls of remove curse {unknown}
 m - 2 scrolls of enchant weapon {unknown}
 o - a scroll of magic mapping {unknown}
 q - a scroll of fog {unknown}
 t - a scroll of immolation {unknown}
Potions
 d - a potion of degeneration {unknown}
 n - 2 potions of agility {unknown}
 r - a potion of heal wounds {unknown}
 s - a potion of lignification {unknown}
 x - a potion of resistance
 A - a potion of flight {unknown}
Comestibles
 f - 3 rations


   Skills:
 * Level 4.6 Fighting
 * Level 4.8 Short Blades
 * Level 3.4 Armour
 * Level 3.2 Dodging
 + Level 3.0 Shields


You had 5 spell levels left.
You didn't know any spells.
Your spell library was empty.

Dungeon Overview and Level Annotations

Branches:
Dungeon (3/15)

Altars:
Cheibriados
Makhleb
Jiyva


Innate Abilities, Weirdness & Mutations

You are small and have problems with some larger weapons.
You are carnivorous and can eat meat at any time.


Message History

You hit the orc priest.
The orc priest is almost dead.
You block the orc's attack. The orc priest closely misses you.
You hit the orc priest.
You kill the orc priest!
The orc hits you from afar with a +0 trident.
You hit the orc.
The orc is heavily wounded.
The orc hits you from afar with a +0 trident.
* * * LOW HITPOINT WARNING * * *
You block the orc's attack.
You feel better. The orc closely misses you. You block the orc's attack.
You hit the orc.
The orc is almost dead.
The orc barely misses you. The orc completely misses you.
You hit the orc.
You kill the orc!
The orc priest invokes the aid of Beogh against you.
Beogh smites you!
You die...

.....# ########.## .#####
#.......## .# #.######.###
.# #......#. .# #.#####.#
.# #.# #o# .# #.# #.#
.########.##.#####o###.##.
..........##....@)o......#
##.################.##.#.#
##)# .# ##.###### #.# ...
..#.....# #.# #.#
##.####.# #.# #.# ##.# #.#
#.# #.# ##.####.# #.# #.#
##......###########.# #.#


You could see an orc priest and an orc.

Vanquished Creatures
  Sigmund (D:3)
  A hound (D:2)
  An orc priest (D:3)
  3 adders
  3 worms (D:2)
  3 leopard geckos
  6 orcs (D:3)
  2 giant cockroaches
  7 goblins
  6 hobgoblins
  2 jackals (D:2)
  4 kobolds
  A ball python (D:1)
  5 bats
  6 frilled lizards
  7 rats
58 creatures vanquished.

Notes
Turn   | Place    | Note
-------+----------+-------------------------------------------
     0 | D:1      | Borgoz the Kobold Fighter began the quest for the Orb.
     0 | D:1      | Reached XP level 1. HP: 14/14 MP: 1/1
   151 | D:1      | Reached XP level 2. HP: 16/19 MP: 2/2
   428 | D:1      | Reached skill level 1 in Dodging
   712 | D:1      | Reached XP level 3. HP: 23/23 MP: 3/3
   855 | D:1      | Found a viscous altar of Jiyva.
   998 | D:2      | Found a snail-covered altar of Cheibriados.
  1040 | D:2      | Reached XP level 4. HP: 29/29 MP: 4/4
  1104 | D:2      | Found a burning altar of Makhleb.
  1767 | D:2      | Reached XP level 5. HP: 32/33 MP: 5/5
  2135 | D:3      | Noticed Sigmund
  2146 | D:3      | Killed Sigmund
  2146 | D:3      | Reached XP level 6. HP: 18/39 MP: 6/6
  2399 | D:3      | Killed from afar by an orc priest

Levels and vault maps discovered:
D:1:      erik_arrival_cave_to_civilisation [erik_arrival_cave_to_temple],
          layout_loops_ring
D:2:      layout_loops_ring, makhleb_blood_cavern_becter,
          nicolae_overflow_crystal_walls
D:3:      layout_loops_ring, grunt_gozag_breadcrumbs, uniq_sigmund

Skill      XL: |  1  2  3  4  5 |
---------------+----------------+-----
Short Blades   | 3 4 |  4.8
Dodging        | 1 2 3 |  3.2
Fighting       | 4 |  4.6
Armour         | 3 |  3.4
Shields        | 3 |  3.0

Action                   |  1- 3 |  4- 6 || total
-------------------------+-------+-------++-------
Melee: Rapier            |   106 |    68 ||   174
       Short sword       |       |    59 ||    59
  Use: Potion            |       |     4 ||     4
  Eat: Chunk             |     2 |    11 ||    13
Armor: Scale mail        |    35 |    22 ||    57
Dodge: Dodged            |    40 |    52 ||    92
Block: Shield            |    49 |    52 ||   101

Table legend:
 A = Non-vault XP
 B = Vault XP
 C = Vault XP percentage of total XP
 D = Non-vault monster count
 E = Vault monster count
 F = Vault count percentage of total count
                 A         B        C        D         E       F
            +---------+---------+-------+---------+---------+-------
      Total |     184 |     288 |  61.0 |      54 |       4 |   6.9
            +---------+---------+-------+---------+---------+-------
        D:1 |      31 |       3 |   8.8 |      20 |       2 |   9.1
        D:2 |      62 |      43 |  41.0 |      16 |       1 |   5.9
        D:3 |      91 |     242 |  72.7 |      18 |       1 |   5.3
            +---------+---------+-------+---------+---------+-------
